Map: 2000 Atmospheres LE

Players

A.I. 1 (Very Easy)

  • Race: Terran Terran

Drift - Winner!

  • Race: Terran Terran
  • League: Master

VOD

Have the link to the VOD?

Description

Time

  • Played on: May 5, 2021, 10:33 p.m.
  • Length: 11:20
Show
View Real Time Build Order
Export as new Build Order

A.I. 1 (Very Easy) Terran 

Build Orders:  

Get SALT Encoding   

  6  0:00  SCV  
  13  0:13  SCV  
  14  0:18  Supply Depot  
  14  0:37  Refinery  
  14  0:42  Barracks  
  14  1:02  Supply Depot  
  14  1:11  Refinery  
  14  1:28  SCV  
  14  1:29  Marine  
  16  1:41  SCV  
  17  1:53  SCV  
  18  2:02  Marine  
  18  2:05  SCV  
  20  2:17  SCV  
  21  2:29  SCV  
  22  2:35  Marine  
  23  2:41  Orbital Command  
  23  5:50  SCV  
  23  5:51  Marine  
  23  5:52  Supply Depot  
  23  5:53  Factory  
  25  6:02  SCV  
  26  6:14  SCV  
  26  6:16  Supply Depot  
  24  6:25  Marine  
  24  6:26  SCV  
  26  6:38  SCV  
  26  6:39  Starport  
  27  6:43  Command Center  
  27  6:44  Barracks Tech Lab  
  27  6:50  SCV  
  28  7:03  Marine  
  29  7:16  Starport Tech Lab  
  29  7:37  Raven  
  29  7:38  Marauder  
  33  7:56  SCV  
  33  8:03  SCV  
  34  8:05  Refinery  
  34  8:07  Refinery  
  34  8:10  SCV  
  34  8:12  Marine  
  36  8:17  SCV  
  37  8:20  Raven  
  37  8:24  SCV  
  40  8:31  SCV  
  41  8:39  SCV  
  42  8:46  SCV  
  43  8:53  SCV  
  44  9:00  SCV  
  45  9:07  SCV  
  46  9:14  SCV  
  47  9:21  SCV  
  47  9:29  SCV  
  48  9:36  SCV  
  49  9:43  SCV  
  49  10:08  SCV  
  50  10:31  Marine  
  50  10:35  Supply Depot  
  42  10:43  SCV  
  42  10:45  Supply Depot  
  29  10:51  Supply Depot  
  29  10:55  SCV  
Show
View Real Time Build Order
Export as new Build Order

Drift Terran - Winner!

Build Orders: Cyclone Opening 

Get SALT Encoding   

  6  0:00  SCV  
  13  0:14  SCV  
  14  0:16  Supply Depot  
  14  0:26  SCV  
  15  0:38  SCV  
  15  0:39  Barracks  
  16  0:43  Refinery  
  16  0:50  SCV  
  16  0:52  Refinery  
  17  1:02  SCV  
  18  1:14  SCV  
  19  1:26  Reaper  
  19  1:27  Orbital Command  
  19  1:28  Supply Depot  
  20  1:41  Factory  
  20  1:52  SCV  
  21  1:58  Reaper  
  22  2:04  SCV  
  23  2:14  Command Center  
  23  2:18  SCV  
  24  2:25  Hellion  
  26  2:30  SCV  
  26  2:31  Barracks Tech Lab  
  26  2:34  Supply Depot  
  27  2:42  SCV  
  28  2:53  Cyclone  
  28  2:56  Starport, SCV  
  32  3:04  Barracks Reactor  
  32  3:08  SCV  
  32  3:10  Refinery  
  33  3:20  SCV  
  35  3:28  Orbital Command  
  34  3:34  SCV  
  34  3:39  Raven  
  34  3:40  Marine x2  
  39  3:43  Factory Tech Lab  
  39  3:46  SCV  
  40  3:55  SCV  
  41  3:59  SCV  
  41  4:02  Command Center  
  42  4:07  Siege Tank, SCV  
  46  4:11  Supply Depot  
  46  4:13  SCV  
  46  4:15  Marine  
  46  4:16  Marine  
  49  4:19  SCV  
  49  4:24  Raven  
  50  4:25  SCV  
  53  4:33  Supply Depot  
  53  4:34  Marine  
  53  4:35  Marine  
  53  4:36  SCV  
  56  4:39  SCV  
  56  4:40  Siege Tank  
  60  4:48  SCV  
  60  4:51  SCV  
  62  4:56  Marine x2, Supply Depot  
  64  5:00  SCV  
  64  5:03  SCV  
  66  5:09  Barracks  
  66  5:11  Barracks  
  66  5:12  SCV  
  67  5:15  SCV  
  67  5:17  Orbital Command  
  68  5:23  Viking x2  
  68  5:24  SCV  
  73  5:30  Siege Tank, Stimpack  
  73  5:31  SCV  
  77  5:37  SCV  
  77  5:39  Engineering Bay  
  77  5:40  Engineering Bay  
  77  5:42  Orbital Command  
  78  5:44  SCV  
  79  5:50  SCV  
  79  5:53  Viking x2  
  79  5:55  Supply Depot  
  84  5:57  Supply Depot  
  84  5:59  SCV  
  84  6:02  SCV  
  84  6:04  Refinery  
  86  6:12  SCV  
  86  6:14  SCV  
  86  6:16  Barracks Reactor  
  86  6:17  Barracks Reactor  
  88  6:21  SCV  
  88  6:23  Barracks  
  88  6:24  SCV, Supply Depot  
  88  6:26  Terran Infantry Weapons Level 1  
  88  6:27  Terran Infantry Armor Level 1  
  88  6:28  SCV  
  88  6:29  Supply Depot  
  88  6:30  Barracks  
  88  6:32  Marine, Refinery  
  90  6:33  Refinery  
  90  6:38  SCV  
  90  6:39  SCV  
  92  6:41  SCV  
  92  6:42  Viking  
  92  6:44  Viking  
  97  6:50  SCV  
  97  6:53  Siege Tank, SCV  
  102  6:54  SCV  
  102  6:59  Marine  
  102  7:01  Marine x2  
  105  7:02  SCV  
  105  7:06  SCV x2, Supply Depot  
  109  7:10  Combat Shield  
  109  7:11  Supply Depot  
  109  7:12  Barracks Reactor  
  109  7:14  SCV  
  110  7:16  Barracks Reactor  
  110  7:17  Medivac x2  
  110  7:18  SCV  
  110  7:20  SCV  
  116  7:25  Sensor Tower  
  116  7:27  Armory, SCV  
  117  7:30  SCV  
  117  7:32  SCV  
  117  7:33  Supply Depot  
  117  7:36  Marine x2, Supply Depot  
  121  7:37  Marine  
  121  7:39  Siege Tank, Marine, SCV  
  121  7:43  SCV  
  128  7:44  Factory  
  128  7:46  SCV  
  128  7:47  Marine  
  128  7:48  Marine  
  131  7:52  SCV  
  131  7:55  Marine x2  
  131  7:56  Marine  
  131  7:57  Marine  
  136  8:03  Medivac x2  
  136  8:04  Command Center  
  141  8:06  Marine x2  
  141  8:07  Marine x3  
  145  8:12  Marine  
  146  8:21  Marine  
  146  8:23  Terran Infantry Armor Level 2, Terran Infantry Weapons Level 2  
  147  8:27  Terran Vehicle Weapons Level 1, Supply Depot x2  
  147  8:30  Marine x5  
  152  8:35  Siege Tank  
  152  8:37  Marine, Barracks Reactor  
  152  8:40  Marine  
  157  8:48  Barracks x2  
  157  8:49  Marine, Siege Tank, Barracks  
  157  8:51  Supply Depot  
  157  8:52  Marine  
  157  8:53  Marine x2  
  157  8:54  Viking x2  
  157  8:55  Supply Depot  
  168  8:57  Marine x3  
  168  8:58  Marine  
  172  9:13  Siege Tank  
  175  9:21  Siege Tank, Supply Depot  
  175  9:24  Marine x6  
  178  9:27  Viking x2  
  178  9:28  Marine  
  189  9:35  Marine x3  
  192  9:38  Barracks Reactor  
  192  9:39  Barracks Reactor x2  
  192  9:42  Marine  
  192  9:45  Siege Tank  
  196  9:48  Refinery  
  196  9:49  Refinery  
  196  9:52  Marine x3  
  199  9:56  Planetary Fortress  
  199  9:57  Marine  
  200  10:05  Starport  
  200  10:07  Starport  
  200  10:14  Command Center  
  200  10:15  Command Center  
  200  10:26  Starport  
  200  10:31  Starport  
  200  10:34  Fusion Core  
  200  10:48  Starport Tech Lab  
  200  10:49  Starport Reactor  
  200  11:12  Command Center  
  200  11:13  Command Center  
Tags
 
Add a new tag
Caveats
  • Supply blocks, unpowered buildings, or Contaminate may cause inaccurate times.
  • Supply counts are checked every 10 seconds.